Description

very kewl build

Replay - A.I. 2 (Elite) v RagnarLotbrk - New Repugnancy LE

Build Order

Get SALT Encoding   

  12  0:01  SCV  
  13  0:13  SCV  
  14  0:17  Supply Depot  
  14  0:25  SCV  
  14  0:28  Refinery  
  15  0:39  SCV  
  16  0:45  Barracks  
  16  0:51  SCV  
  17  1:03  SCV  
  18  1:15  SCV  
  19  1:32  Barracks Reactor  
  19  1:34  Orbital Command  
  19  1:47  Command Center  
  19  1:58  Supply Depot  
  19  2:01  SCV  
  20  2:10  Marine x2  
  20  2:15  SCV  
  23  2:19  Barracks  
  23  2:27  SCV  
  23  2:29  Marine x2  
  26  2:47  Barracks  
  26  2:54  Marine x2  
  26  2:57  SCV  
  29  3:03  Orbital Command  
  29  3:07  Barracks Tech Lab  
  29  3:09  SCV  
  30  3:14  Marine x2  
  32  3:23  Engineering Bay  
  32  3:26  Marine, SCV x2  
  34  3:27  Stimpack  
  35  3:35  Marine x3  
  35  3:39  SCV  
  39  3:43  Supply Depot  
  39  3:45  Marine  
  39  3:47  SCV x2  
  41  3:52  Marine x2  
  44  3:56  Barracks Tech Lab  
  44  3:57  Terran Infantry Weapons Level 1  
  44  3:59  SCV x2  
  45  4:05  Marauder  
  45  4:06  Supply Depot  
  48  4:10  Marine x2  
  48  4:11  SCV  
  48  4:13  Missile Turret  
  51  4:21  Combat Shield  
  51  4:22  Marauder  
  53  4:28  Marine x2  
  53  4:29  Marauder, Missile Turret  
  57  4:35  SCV x2  
  59  4:39  Supply Depot  
  61  4:45  Marauder  
  61  4:57  Marine x2  
  62  5:01  Marauder  
  62  5:02  Supply Depot x2  
  62  5:03  SCV x2  
  69  5:07  Marauder  
  69  5:19  Marine x2  
  70  5:27  Marauder  
  73  5:30  SCV x2  
  73  5:34  Concussive Shells  
  75  5:37  Refinery x2  
  75  5:41  Barracks x2  
  75  5:42  Factory  
  75  5:43  Command Center  
  75  5:45  Marine x2  
  77  5:50  SCV x2  
  79  5:57  Marine, Marauder  
  79  6:03  Marine  
  63  6:12  Marine, SCV  
  63  6:15  Marauder x2  
  66  6:20  SCV x2  
  66  6:21  Marine  
  71  6:31  Barracks Reactor, Starport, Barracks Tech Lab  
  67  6:33  SCV x2  
  67  6:38  Marine, Supply Depot x2  
  67  6:39  Marauder, Refinery  
  72  6:45  Factory Reactor, SCV x2  
  69  6:51  Marine, Marauder x2  
  73  6:57  SCV x2  
  73  7:00  Orbital Command  
  75  7:02  Marine  
  76  7:09  SCV x2  
  76  7:13  Missile Turret, Terran Infantry Armor Level 1  
  78  7:16  Engineering Bay  
  78  7:21  SCV  
  79  7:26  SCV x2  
  81  7:30  Medivac x2  
  81  7:31  Supply Depot  
  81  7:32  Marine x5  
  81  7:33  SCV  
  81  7:34  Factory Reactor  
  91  7:38  SCV x2  
  91  7:40  Marauder x2  
  97  7:45  SCV, Supply Depot  
  97  7:48  Armory  
  98  7:51  SCV x2  
  98  7:53  Missile Turret  
  98  7:55  Marine x4, Supply Depot x2  
  105  8:02  Marauder x3  
  105  8:05  Medivac x2  
  112  8:11  SCV x3  
  117  8:14  Refinery  
  117  8:18  Missile Turret  
  117  8:19  Widow Mine x2, Supply Depot  
  121  8:23  SCV x2  
  123  8:27  Marine x4  
  123  8:28  Marauder x3  
  133  8:35  SCV  
  128  8:43  Medivac, Widow Mine x2, SCV x2  
  128  8:45  Marine x4  
  137  8:50  Marauder x3  
  145  8:57  Refinery  
  145  8:59  Supply Depot x2  
  144  9:03  Marine  
  144  9:06  Medivac, Widow Mine x2  
  151  9:11  Marauder, Command Center  
  153  9:32  Marine x4  
  153  9:33  Medivac x2, Widow Mine  
  168  9:38  SCV x3  
  166  9:50  Marine x4, SCV  
  166  9:51  Marauder  
  173  9:53  Supply Depot x3  
Spawning Tool Build Advisor. Get it on Overwolf

Analysis

idk

Go to:

Details

  • Created by: MicroJackson
  • Published on: Jul 06, 2019
  • Modified on: Jul 06, 2019
  • Patch: 4.7.1
Show
View Real Time Build Order
Export as new Build Order

Comments (0)

There are no comments. Be the first!

Create an account to comment!